 Dungeon Crawl Stone Soup version 0.17-a0-1056-g838d5c0 (webtiles) character file.

3312 namelastname112 the Carver (level 9, -8/123 HPs)
             Began as a Yellow Draconian Berserker on May 16, 2015.
             Was a High Priest of Trog.
             Mangled by a yak (16 damage)
             ... on level 8 of the Dungeon.
             The game lasted 00:14:47 (7786 turns).

namelastname112 the Carver (DrBe)                   Turns: 7786, Time: 00:14:47

Health: -8/123     AC:  7    Str: 22    XL:     9   Next: 70%
Magic:  9/9        EV: 16    Int:  7    God:    Trog [*****.]
Gold:   301        SH:  0    Dex: 16    Spells: 0 memorised, 8 levels left

rFire  . . .     SeeInvis .     v - +0 long sword
rCold  . . .     Clarity  .     (armour unavailable)
rNeg   . . .     SustAb   .     (no shield)
rPois  .         Gourm    .     (helmet restricted)
rElec  .         Spirit   .     (no cloak)
rCorr  +         Warding  .     (no gloves)
rMut   .         Stasis   .     (no boots)
MR     .....                    (no amulet)
Stlth  ..........               D - -3 ring of strength (curse)
                                i - ring of flight

@: berserking (expiring), very quick, not resistant to hostile enchantments,
extremely unstealthy
A: spit acid, acid resistance, unfitting armour, antennae 1, agile 1, screaming
1, cold-blooded, AC +7
a: Spit Acid, Burn Spellbooks, Berserk, Trog's Hand, Brothers in Arms, Renounce
Religion, Evoke Flight


You were on level 8 of the Dungeon.
You worshipped Trog.
Trog was extremely pleased with you.
You were not hungry.

You visited 1 branch of the dungeon, and saw 8 of its levels.

You collected 301 gold pieces.

Inventory:

Hand weapons
 v - a +0 long sword (weapon)
Missiles
 j - 3 javelins (quivered)
Jewellery
 i - a ring of flight (left hand)
 D - a cursed -3 ring of strength (right hand)
 I - an uncursed ring of protection from cold {unknown}
Magical devices
 t - a wand of enslavement (11)
 y - a wand of digging (7)
 G - a wand of digging (1)
Scrolls
 c - 3 scrolls of teleportation {unknown}
 d - a scroll of fear {unknown}
 e - 6 scrolls of remove curse {unknown}
 f - 3 scrolls of enchant armour {unknown}
 h - 6 scrolls of identify {unknown}
 k - a scroll of blinking {unknown}
 l - 3 scrolls of amnesia {unknown}
 n - a scroll of random uselessness {unknown}
 o - a scroll of fog {unknown}
 r - a scroll of enchant weapon {unknown}
 w - a scroll of noise {unknown}
 x - 2 scrolls of recharging {unknown}
Potions
 a - a potion of brilliance {unknown}
 m - 3 potions of haste {unknown}
 p - a potion of mutation {unknown}
 q - 3 potions of curing
 s - a potion of agility
 u - 2 potions of heal wounds {unknown}
 z - 3 potions of might {unknown}
 A - 2 potions of poison {unknown}
 C - a potion of degeneration {unknown}
 E - a potion of resistance
 F - a potion of cancellation {unknown}
Comestibles
 b - 2 bread rations
 g - 6 meat rations
 B - a slice of pizza
 H - 5 fruits


   Skills:
 + Level 8.4 Fighting
 * Level 10.3 Long Blades
 + Level 6.6 Dodging


You had 8 spell levels left.
You didn't know any spells.

Dungeon Overview and Level Annotations

Branches:
Dungeon (8/15)             Temple (0/1) D:6
   Lair: D:8-11

Altars:
Kikubaaqudgha
Nemelex Xobeh
Qazlal
Vehumet
Xom


Innate Abilities, Weirdness & Mutations

You can spit globs of acid.
You are resistant to acid.
Your golden yellow scales are hard (AC +7).
Your body does not fit into most forms of armour.
You are cold-blooded and may be slowed by cold attacks.
You have a pair of small antennae on your head.
You are agile. (Dex +2)
You occasionally shout uncontrollably at your foes.


Message History

* * * LOW HITPOINT WARNING * * *
You are too injured to fight recklessly!
You are too injured to fight recklessly!
You hit the yak.
The yak is heavily wounded.
The rat barely misses you. The yak gores you!
* * * LOW HITPOINT WARNING * * *
The yak gores you!
* * * LOW HITPOINT WARNING * * *
You slash the yak!
You tail-slap the yak, but do no damage.
The yak is heavily wounded.
The orc priest invokes the aid of Beogh against you.
Something smites you!
* * * LOW HITPOINT WARNING * * *
The rat misses you. The rat bites you but does no damage.
You slash the orc priest!
The orc priest is heavily wounded.
The yak gores you!
You die...

##
#####.#####
#.........#
#.......YY#
.#.....≈rr@#
......≈.÷or#
...###.#####
... ..##. #.
#. .. Y. .
YY .r


You could see 2 yaks, an orc priest, a river rat and 2 rats.

Vanquished Creatures
  The ghost of namelastname112 the Slasher, an average DrBe of Trog (D:5)
  Grinder (D:5)
  Sigmund (D:3)
  4 yaks
  A hippogriff (D:8)
  Edmund (D:5)
  The ghost of Woebin the Grave Robber, an average HaNe (D:4)
  An orc warrior (D:7)
  2 porcupines
  2 sky beasts
  3 ogres
  Blork the orc (D:5)
  3 hounds
  5 orc wizards
  A centaur skeleton (D:4)
  A crimson imp (D:5)
  A giant frog zombie (D:6)
  7 orc priests
  An iguana (D:7)
  6 worker ants
  A hound zombie (D:6)
  A hound skeleton (D:4)
  14 adders
  4 gnolls (D:3)
  2 shadow imps
  An ooze (D:1)
  4 worms
  2 giant geckos
  24 orcs
  2 ball pythons (D:2)
  11 bats
  11 goblins
  10 hobgoblins
  7 jackals (D:3)
  11 kobolds
  4 quokkas
  4 giant cockroaches
  A giant gecko skeleton (D:4)
  3 giant newts
  13 rats
174 creatures vanquished.

Vanquished Creatures (others)
  5 sheep (D:6)
5 creatures vanquished.

Grand Total: 179 creatures vanquished

Notes
Turn   | Place    | Note
--------------------------------------------------------------
     0 | D:1      | namelastname112 the Draconian Berserker began the quest for the Orb.
     0 | D:1      | Reached XP level 1. HP: 19/19 MP: 1/1
   236 | D:1      | Reached XP level 2. HP: 24/26 MP: 2/2
   970 | D:2      | Reached XP level 3. HP: 31/33 MP: 3/3
  1279 | D:2      | Reached skill level 4 in Long Blades
  1422 | D:2      | Reached XP level 4. HP: 40/40 MP: 4/4
  1505 | D:2      | Acquired Trog's second power
  1657 | D:2      | Found an ancient bone altar of Kikubaaqudgha.
  1674 | D:2      | Found a radiant altar of Vehumet.
  2243 | D:3      | Reached XP level 5. HP: 37/47 MP: 5/5
  2393 | D:3      | Noticed Sigmund
  2452 | D:3      | Killed Sigmund
  2452 | D:3      | Reached skill level 5 in Long Blades
  2452 | D:3      | Reached XP level 6. HP: 26/55 MP: 6/6
  3005 | D:3      | Reached skill level 5 in Fighting
  3359 | D:4      | Reached skill level 6 in Long Blades
  3524 | D:4      | Your scales start taking on a golden yellow colour.
  3524 | D:4      | Reached XP level 7. HP: 54/61 MP: 7/7
  3525 | D:4      | Noticed Woebin's ghost (average HaNe)
  3530 | D:4      | Killed Woebin's ghost
  3822 | D:4      | Found a stormy altar of Qazlal.
  4119 | D:5      | Entered Level 5 of the Dungeon
  4221 | D:5      | Noticed Edmund
  4237 | D:5      | Killed Edmund
  4237 | D:5      | Reached skill level 7 in Long Blades
  4279 | D:5      | Noticed Blork the orc
  4288 | D:5      | Killed Blork the orc
  4288 | D:5      | Reached XP level 8. HP: 59/70 MP: 8/8
  4464 | D:5      | Noticed namelastname112's ghost (average DrBe)
  4477 | D:5      | Killed namelastname112's ghost
  4477 | D:5      | Reached skill level 5 in Dodging
  4549 | D:5      | Acquired Trog's third power
  4851 | D:5      | Reached skill level 8 in Long Blades
  4855 | D:5      | Gained mutation: You are dopey. (Int -2) [mutagenic meat]
  4856 | D:5      | Gained mutation: You occasionally shout uncontrollably at your foes. [mutagenic meat]
  4987 | D:5      | Noticed Grinder
  5006 | D:5      | Killed Grinder
  5591 | D:6      | Found a staircase to the Ecumenical Temple.
  5843 | D:6      | Found a sparkling altar of Nemelex Xobeh.
  6033 | D:6      | Found a shimmering altar of Xom.
  7200 | D:7      | Reached skill level 9 in Long Blades
  7200 | D:7      | Reached XP level 9. HP: 73/79 MP: 9/9
  7727 | D:7      | Lost mutation: You are dopey. (Int -2) [mutagenic meat]
  7728 | D:7      | Gained mutation: You have a pair of small antennae on your head. [mutagenic meat]
  7729 | D:7      | Gained mutation: You are resistant to electric shocks. [mutagenic meat]
  7730 | D:7      | Lost mutation: You are resistant to electric shocks. [mutagenic meat]
  7732 | D:7      | Gained mutation: You are agile. (Dex +2) [mutagenic meat]
  7771 | D:8      | Reached skill level 10 in Long Blades
  7786 | D:8      | Mangled by a yak

Vault maps used:
D:1:      dpeg_arrival_erosion
D:2:      grunt_temple_overflow_open, minmay_statues_item, minmay_snake_closets
D:3:      lemuel_upstairs_altar, uniq_sigmund
D:4:      nicolae_qazlal_eye_of_the_storm
D:5:      first_bread, nicolae_sextant, uniq_blork_the_orc, uniq_edmund,
          uniq_grinder
D:6:      kb_xom_exploding_sheep, minmay_temple_entry_nine_rooms,
          nemelex_lonely_heart_becter
D:8:      minmay_lair_entry_grove, serial_shops, shop, grunt_ogre_cave

Action                   |  1- 3 |  4- 6 |  7- 9 || total
-------------------------+-------+-------+-------++-------
Melee: Falchion          |   117 |   149 |       ||   266
       Long sword        |       |    51 |   410 ||   461
Throw: Javelin           |       |     3 |       ||     3
Invok: Berserk           |     1 |     4 |    10 ||    15
       Trog's Hand       |       |       |     1 ||     1
 Abil: Evoke Flight      |       |       |     1 ||     1
       Spit Acid         |       |       |     1 ||     1
  Use: Potion            |     2 |       |     1 ||     3
 Stab: Distracted        |       |       |     1 ||     1
  Eat: Chunk             |     1 |     6 |    28 ||    35
       Beef jerky        |     1 |       |       ||     1
       Meat ration       |       |     1 |     1 ||     2
       Pizza             |       |       |     1 ||     1
